 Dungeon Crawl Stone Soup version 0.29.1-13-g9f3cf754e1 (webtiles) character file.

Game seed: 15910267895972424382

92 bubby the Shooter (level 4, 0/35 HPs)
             Began as a Barachi Hunter on Jan 19, 2023.
             Was an Initiate of Qazlal.
             Killed from afar by Sigmund (4 damage)
             ... with a puff of flame
             ... on level 3 of the Dungeon.
             The game lasted 00:06:13 (1728 turns).

bubby the Shooter (Barachi Hunter)                  Turns: 1728, Time: 00:06:14

Health: 0/35       AC:  5    Str: 12    XL:     4   Next: 60%
Magic:  4/4        EV: 12    Int: 10    God:    Qazlal [......]
Gold:   105        SH:  0    Dex: 17    Spells: 3/3 levels left

rFire   . . .      SeeInvis .   a - +0 shortbow
rCold   . . .      Faith    .   (shield currently unavailable)
rNeg    . . .      Spirit   .   c - +0 leather armour
rPois   .          Reflect  .   (no helmet)
rElec   .          Harm     .   (no cloak)
rCorr   .          Rampage  .   p - +0 pair of gloves
Will    .....                   d - +0 pair of boots
Stlth   ++........              (no amulet)
HPRegen 0.11/turn               m - +4 ring of slaying
MPRegen 0.09/turn               (no ring)

@: about to teleport, unable to hop, slow
A: amphibious, slowness 1, strong legs 1, +LOS
a: Hop, Renounce Religion


You were on level 3 of the Dungeon.
You worshipped Qazlal.
Qazlal was noncommittal.
You visited 1 branch of the dungeon, and saw 3 of its levels.

You collected 105 gold pieces.

Inventory:

Hand Weapons
 a - a +0 shortbow (weapon)
 j - a +0 club
 l - a +0 dagger
Missiles
 s - 5 curare-tipped darts
Armour
 c - a +0 leather armour (worn)
 d - a +0 pair of boots (worn)
 p - a +0 pair of gloves (worn)
Jewellery
 m - a +4 ring of slaying (left hand)
Scrolls
 b - a scroll of immolation
 f - a scroll of torment {unknown}
 g - a scroll of noise {unknown}
 h - a scroll of teleportation
 i - a scroll of fear {unknown}
 n - a scroll of identify {unknown}
 q - a scroll of fog {unknown}
 r - a scroll of blinking {unknown}
Potions
 e - a potion of might {unknown}
 k - a potion of brilliance {unknown}
 o - 3 potions of curing {unknown}


   Skills:
 + Level 3.5 Fighting
 + Level 4.5 Ranged Weapons
 + Level 3.1 Dodging
 + Level 2.1 Stealth


You had 3 spell levels left.
You didn't know any spells.
Your spell library contained the following spells:

 Spells                   Type           Power      Damage    Failure   Level
 Borgnjor's Revivificati  Necr           0%         N/A       100%        8
 Necromutation            Tmut/Necr      0%         N/A       100%        8
 Death's Door             Necr           0%         N/A       100%        9


Dungeon Overview and Level Annotations

Branches:
Dungeon (3/15)

Altars:
Gozag
Qazlal

Annotations:
D:3 Sigmund


Innate Abilities, Weirdness & Mutations

You are amphibious.
You cover ground slowly.
You can hop short distances.
You have an extended range of vision and can be seen from far away.


Message History

Deactivating autopickup; reactivate with Ctrl-A.
Non-targeted confused fire: a) +0 shortbow
Press: ? - help, Q - select action, (/) - cycle Dir - look around, f - activate You shoot an arrow.
A magic dart appears from out of thin air!
The magic dart hits you. Something barely misses you.
You feel less confused.
Fire: a) +0 shortbow
Press: ? - help, Q - select action, (/) - cycle Shift-Dir - straight line You shoot an arrow.
Something hits you!
Fire: a) +0 shortbow
Press: ? - help, Q - select action, (/) - cycle Shift-Dir - straight line You shoot an arrow.
Fire: a) +0 shortbow
Press: ? - help, Q - select action, (/) - cycle Shift-Dir - straight line You shoot an arrow.
Something hits you.
Fire: a) +0 shortbow
Press: ? - help, Q - select action, (/) - cycle Shift-Dir - straight line You shoot an arrow.
Something hits you!
* * * LOW HITPOINT WARNING * * *
Fire: a) +0 shortbow
Press: ? - help, Q - select action, (/) - cycle Shift-Dir - straight line You shoot an arrow.
Something hits you!
* * * LOW HITPOINT WARNING * * *
Something hits you but does no damage.
Hop to where?
Press: ? - help, Dir - move target Boing!
Found a spear.
As you read the scroll labelled TEOSU UPET, it crumbles to dust.
You feel strangely unstable.
It was a scroll of teleportation.
Found 5 stones.
A puff of flame appears from out of thin air!
The puff of flame hits you.
You die...

#.(## .....
##.......## ....
#.....$...# ....
+....).)..+ #..
.........# #..
....... #.# .....
#)# ... #@### #'#
#...# #.# ###.# #.#
##.## ##.## ##..{##
##...## #.....#
#.....### #.......#
##......#
#.........####..##..
##..............####


There were no monsters in sight!

Vanquished Creatures
  2 adders (D:2)
  2 worms (D:2)
  A dart slug (D:1)
  3 orcs (D:3)
  6 endoplasms
  4 giant cockroaches
  7 goblins
  6 hobgoblins
  4 jackals (D:1)
  7 kobolds
  7 ball pythons
  2 bats
  2 frilled lizards
  6 rats
59 creatures vanquished.

Vanquished Creatures (others)
  A demonic plant (D:1)
  2 fungi (D:1)
3 creatures vanquished.

Grand Total: 62 creatures vanquished

Notes
Turn   | Place    | Note
-------+----------+-------------------------------------------
     0 | D:1      | bubby the Barachi Hunter began the quest for the Orb.
     0 | D:1      | Reached XP level 1. HP: 17/17 MP: 1/1
    28 | D:1      | Reached skill level 1 in Stealth
    64 | D:1      | Reached XP level 2. HP: 23/23 MP: 2/2
   303 | D:1      | Reached XP level 3. HP: 28/28 MP: 3/3
   394 | D:1      | Found a faded altar of an unknown god.
   914 | D:2      | Reached XP level 4. HP: 35/35 MP: 4/4
  1095 | D:2      | Found an opulent altar of Gozag.
  1640 | D:3      | Found a stormy altar of Qazlal.
  1649 | D:3      | Became a worshipper of Qazlal Stormbringer
  1698 | D:3      | Noticed Sigmund
  1728 | D:3      | Killed from afar by Sigmund

Illustrated notes

Levels and vault maps discovered:
D:1:      evilmike_arrival_crescent, layout_basic, shapermc_ecumenical_altar_gd
D:2:      layout_rooms, basic_altar, minmay_splitting_lines, minmay_surrounded
D:3:      layout_loops_corners, grunt_qazlal_clouds,
          wander_ebering_terrifying_dragon_lair, uniq_jessica, uniq_sigmund

Skill      XL: |  1  2  3  4 |
---------------+-------------+-----
Stealth        | 1 2 |  2.1
Fighting       | 3 |  3.5
Dodging        | 3 |  3.1
Ranged Weapons | |  4.5

Action                   |  1- 3 |  4- 6 || total
-------------------------+-------+-------++-------
Melee: Club              |     8 |       ||     8
       Shortbow          |     4 |       ||     4
 Fire: Shortbow          |    78 |    54 ||   132
 Abil: Hop               |       |     1 ||     1
  Use: Scroll            |       |     1 ||     1
Armor: Leather armour    |    15 |    10 ||    25
Dodge: Dodged            |    21 |     8 ||    29
